 Dungeon Crawl Stone Soup version 0.31.0-32-g396128a36d (webtiles) character file.

Game seed: 15520899681264856900

578 NotreDorf the Poker (level 7, -2/55 HPs)
             Began as a Merfolk Gladiator on Mar 30, 2024.
             Slain by an ogre
             ... wielding a +0 giant club
              (7 damage)
             ... on level 5 of the Dungeon.
             The game lasted 00:11:13 (3831 turns).

NotreDorf the Poker (Merfolk Gladiator)             Turns: 3831, Time: 00:11:14

Health: -2/55      AC:  9    Str: 15    XL:     7   Next: 35%
Magic:  0/11       EV: 14    Int:  9    God:
Gold:   1          SH:  0    Dex: 15    Spells: 12/12 levels left

rFire   . . .        m - +2 halberd (venom)
rCold   . . .        (shield currently unavailable)
rNeg    . . .        a - +3 leather armour
rPois   .            c - +2 helmet
rElec   .            (no cloak)
rCorr   .            (no gloves)
SInv    .            (no boots)
Will    .....        f - amulet of guardian spirit
Stlth   +            (no ring)
HPRegen 0.29/turn    (no ring)
MPRegen 0.12/turn

%: guardian spirit
@: no status effects
A: (nimble swimmer 2), mertail
a: no special abilities


You were on level 5 of the Dungeon.
You visited 1 branch of the dungeon, and saw 5 of its levels.

You collected 221 gold pieces.
You spent 220 gold pieces at shops.

Inventory:

Hand Weapons
 m - a +2 halberd of venom (weapon)
 p - a +1 trident of freezing
Missiles
 d - 4 throwing nets (quivered)
 e - a javelin
Armour
 a - a +3 leather armour (worn)
 c - a +2 helmet (worn)
Jewellery
 f - an amulet of guardian spirit (around neck)
Talismans
 n - a beast talisman
Scrolls
 h - a scroll of teleportation
Potions
 b - a potion of haste
 g - 2 potions of magic
 i - 7 potions of curing
 j - 2 potions of enlightenment {unknown}
 k - a potion of berserk rage {unknown}
 l - 3 potions of heal wounds
 q - a potion of attraction {unknown}


   Skills:
 + Level 4.4 Fighting
 + Level 6.3 Polearms
 - Level 2.0 Throwing
 + Level 6.2 Dodging
 + Level 3.1 Spellcasting
 + Level 2.1 Alchemy


You had 12 spell levels left.
You didn't know any spells.
Your spell library contained the following spells:

 Spells                   Type           Power      Damage    Failure   Level
 Static Discharge         Conj/Air       2%         3-4/arc   50%         2
 Fugue of the Fallen      Necr           1%         N/A       73%         3
 Inner Flame              Hex/Fire       1%         N/A       73%         3
 Ozocubu's Armour         Ice            1%         N/A       73%         3
 Sticky Flame             Fire/Alch      3%         2d4       93%         4
 Airstrike                Air            0%         2d(1-17)  98%         4
 Flame Wave               Conj/Fire      1%         2d4       98%         4
 Manifold Assault         Tloc           1%         N/A       98%         4
 Summon Lightning Spire   Summ/Air       1%         N/A       98%         4


Dungeon Overview and Level Annotations

Branches:
Dungeon (5/15)
 Temple: D:4-7

Altars:
Nemelex Xobeh
Yredelemnul

Shops:
D:5 (!(


Innate Abilities, Weirdness & Mutations

((You are very nimble when in or above water. (Stealth+, EV+, Speed+++)))
Your lower body shifts to a powerful aquatic tail in water.


Message History

An ogre comes into view. It is wielding a +0 giant club.
You barely miss the iguana.
The iguana is almost dead.
The iguana closely misses you.
The ogre shouts!
You slash the iguana!
You kill the iguana!
Your Alchemy skill increases to level 2!
You hit the iguana.
The iguana is poisoned.
The iguana is moderately wounded.
The iguana misses you.
You slash the ogre!
The ogre is poisoned.
The ogre is moderately wounded.
The iguana bites you. The ogre barely misses you.
The iguana closely misses you.
You closely miss the ogre.
The ogre is heavily wounded.
The ogre hits you but does no damage. The iguana misses you.
The iguana barely misses you.
You hit the ogre.
The ogre looks as sick as possible!
The ogre is severely wounded.
The ogre hits you with a +0 giant club!!
The iguana bites you. The iguana closely misses you.
You barely miss the ogre.
The ogre is severely wounded.
The iguana bites you but does no damage. x2
The ogre misses you.
You closely miss the ogre.
The ogre is severely wounded.
You kill the iguana!
The iguana misses you.
You hit the ogre but do no damage.
The ogre looks as sick as possible!
The ogre is severely wounded.
The ogre hits you with a +0 giant club!!
* * * LOW HITPOINT WARNING * * *
The iguana closely misses you. The iguana misses you.
You barely miss the ogre.
The ogre is almost dead.
The ogre hits you with a +0 giant club!
You die...

# ### # #.## ##≈.≈##
..∩..# # #..###≈.≈≈≈#
.....## ###
#..##≈≈≈..≈ .......
..###..##≈≈§≈.#
.......
.....#.###§§..##
.......
.###....##≈....#
....... .#
########....##l......
.# #.....>@....... .#
##......O...... .#
#.###........# .##
#..######....#
..##########.# ....#
...##........### ...#
...##...).†....# ...
...#....∩........#
...
.†#..............#


You could see an ogre (extremely poisoned) and an iguana.

Vanquished Creatures
  An ice beast (D:3)
  A phantom (D:4)
  A howler monkey (D:5)
  An orc priest (D:4)
  2 iguanas (D:5)
  An orc wizard (D:4)
  A howler monkey zombie (D:3)
  8 gnolls
  7 adders
  An adder zombie (D:3)
  2 dart slugs
  A ribbon worm (D:3)
  16 orcs
  5 ball pythons
  6 endoplasms
  3 giant cockroaches
  5 goblins
  9 hobgoblins
  11 jackals
  4 quokkas
  3 bats (D:1)
  2 frilled lizards
  2 kobolds (D:4)
  3 rats
96 creatures vanquished.

Notes
Turn   | Place    | Note
-------+----------+-------------------------------------------
     0 | D:1      | NotreDorf the Merfolk Gladiator began the quest for the
                  | Orb.
     0 | D:1      | Reached XP level 1. HP: 16/16 MP: 1/1
    46 | D:1      | Reached XP level 2. HP: 6/23 MP: 0/2
   524 | D:1      | Reached skill level 1 in Spellcasting
   524 | D:1      | Reached XP level 3. HP: 28/28 MP: 4/4
  1435 | D:2      | Found a sparkling altar of Nemelex Xobeh.
  1535 | D:2      | Reached XP level 4. HP: 34/34 MP: 4/6
  1945 | D:3      | Noticed an ice beast
  1957 | D:3      | Killed an ice beast
  1958 | D:3      | Reached skill level 5 in Polearms
  1958 | D:3      | Reached skill level 5 in Dodging
  1958 | D:3      | Reached XP level 5. HP: 41/41 MP: 1/8
  2359 | D:3      | Reached XP level 6. HP: 39/48 MP: 7/9
  2578 | D:3      | Found a basalt altar of Yredelemnul.
  3317 | D:4      | Reached skill level 1 in Alchemy
  3631 | D:5      | Entered Level 5 of the Dungeon
  3643 | D:4      | Reached XP level 7. HP: 49/54 MP: 9/11
  3781 | D:5      | Found Jame's Weapon Shop.
  3792 | D:5      | Found Ticoz's Distillery.
  3806 | D:5      | Bought 2 potions of curing for 60 gold pieces
  3806 | D:5      | Bought 2 potions of curing for 60 gold pieces
  3806 | D:5      | Bought a potion of haste for 100 gold pieces
  3820 | D:5      | Found Xozi's Antique Weapon Emporium.
  3831 | D:5      | Slain by an ogre

Illustrated notes

Levels and vault maps discovered:
D:1:      nicolae_arrival_washed_ashore, layout_basic
D:2:      layout_basic, basic_altar
D:3:      layout_basic, lemuel_zombie_altar_yredelemnul
D:4:      layout_loops_cross
D:5:      layout_cave_pods, minmay_temple_entry_fiery, serial_shops, shop, shop,
          shop, nicolae_shop_bloodbath_and_beyond, shop

Skill      XL: |  1  2  3  4  5  6  7 |
---------------+----------------------+-----
Spellcasting   | 1 2 3 |  3.1
Fighting       | 3 4 |  4.4
Polearms       | 5 6 |  6.3
Dodging        | 5 6 |  6.2
Alchemy        | 1 2 |  2.1
Throwing       | |  2.0

Action                     |  1- 3 |  4- 6 |  7- 9 || total
---------------------------+-------+-------+-------++-------
  Melee: Trident           |   103 |   168 |       ||   271
         Punch             |     1 |     3 |       ||     4
         Halberd           |       |    43 |    21 ||    64
    Use: Scroll            |     4 |     7 |       ||    11
         Potion            |       |     2 |       ||     2
   Stab: Sleeping          |     5 |     1 |     1 ||     7
         Distracted        |       |     1 |       ||     1
 Armour: Leather armour    |    37 |    71 |    17 ||   125
  Dodge: Dodged            |    51 |   101 |    12 ||   164
